 Dungeon Crawl Stone Soup version 0.20-a0-785-g17250f0 (webtiles) character file.

2504 Laphicet the Covert (level 9, -5/63 HPs)
             Began as an Octopode Assassin on Feb 27, 2017.
             Was an Initiate of Gozag.
             Slain by an orc warrior
             ... wielding a +0 long sword
              (12 damage)
             ... on level 7 of the Dungeon.
             The game lasted 00:23:33 (10378 turns).

Laphicet the Covert (Octopode Assassin)            Turns: 10378, Time: 00:23:34

Health: -5/63      AC:  1    Str: 11    XL:     9   Next: 53%
Magic:  9/9        EV: 16    Int: 15    God:    Gozag
Gold:   267        SH:  0    Dex: 14    Spells: 8/8 levels left

rFire    . . .     SeeInvis .   q - +4 whip (elec)
rCold    . . .     Gourm    .   (no shield)
rNeg     . . .     Faith    .   (helmet restricted)
rPois    .         Spirit   .   e - amulet of harm
rElec    .         Reflect  .   s - ring of protection from magic
rCorr    .         Harm     +   (no ring)
MR       +....                  (no ring)
Stlth    ++++++....             (no ring)
Regen    0.2/turn               (no ring)
MPRegen  0.2/turn               (no ring)
                                (no ring)
                                (no ring)

@: gold aura
A: almost no armour, stealthy swim, amphibious, 8 rings, constrict 8, camouflage
1, gelatinous body 1
a: Potion Petition, Call Merchant, Bribe Branch, Renounce Religion


You were on level 7 of the Dungeon.
You worshipped Gozag.
Gozag was aware of your devotion.
You were not hungry.

You visited 2 branches of the dungeon, and saw 8 of its levels.

You collected 806 gold pieces.
You spent 471 gold pieces at shops.
You paid 68 gold pieces to Gozag.

Inventory:

Hand Weapons
 b - a +0 blowgun
 g - a +2 dagger of venom
 q - a +4 whip of electrocution (weapon)
Missiles
 c - 8 poisoned needles
 d - 2 curare-tipped needles
 u - 6 needles of confusion
Jewellery
 e - an amulet of harm (around mantle)
 p - an uncursed ring of ice
 s - a ring of protection from magic (left tentacle)
Wands
 v - a wand of lightning (3/15)
 y - a wand of random effects (37/48)
 A - a wand of digging (11/24)
Scrolls
 a - a scroll of fear
 i - a scroll of enchant armour
 k - a scroll of magic mapping
 l - 2 scrolls of remove curse
 n - a scroll of immolation
 C - a scroll of identify
 F - a scroll of noise {unknown}
Potions
 h - a potion of degeneration {unknown}
 m - a potion of flight {unknown}
 o - 2 potions of haste {unknown}
 r - a potion of ambrosia {unknown}
 t - 3 potions of curing
 w - a potion of resistance {unknown}
 x - 2 potions of magic {unknown}
 z - a potion of cancellation {unknown}
 B - a potion of berserk rage {unknown}
 D - 2 potions of invisibility
Books
 j - a book of Frost

   Spells                             Type                      Level
   a - Freeze                         Ice                          1
   b - Throw Frost                    Conjuration/Ice              2
   c - Ozocubu's Armour               Charms/Ice                   3
   d - Throw Icicle                   Conjuration/Ice              4
   e - Summon Ice Beast               Ice/Summoning                4
Comestibles
 f - 7 bread rations
 E - 4 fruits


   Skills:
 + Level 6.4 Fighting
 - Level 3.1 Short Blades
 + Level 5.6 Maces & Flails
 - Level 2.0 Throwing
 + Level 6.2 Dodging
 + Level 10.5 Stealth


You had 8 spell levels left.
You didn't know any spells.

Dungeon Overview and Level Annotations

Branches:
Dungeon (7/15)             Temple (1/1) D:4

Altars:
Ashenzari
Cheibriados
Dithmenos
Elyvilon
Fedhas
Gozag
Hepliaklqana
Kikubaaqudgha
Makhleb
Nemelex Xobeh
Okawaru
Qazlal
Ru
Sif Muna
Trog
Uskayaw
Vehumet
Wu Jian
Yredelemnul
Zin
The Shining One

Shops:
D:5 :   D:7 [=(*(


Innate Abilities, Weirdness & Mutations

You cannot wear most types of armour.
You are very stealthy in the water. (Stealth+)
You are amphibious.
You can wear up to eight rings at the same time.
You can use your tentacles to constrict eight enemies at once.
Your skin changes colour to match your surroundings (Stealth+).
Your rubbery body absorbs attacks. (AC +1, EV +1)


Message History

The orc warrior hits you with a long sword!
You see here 6 gold pieces.
You hit the orc warrior. You grab the orc warrior.
The orc warrior is lightly wounded.
You constrict the orc warrior.
The orc warrior hits you with a long sword!
You whack the orc warrior!
The orc warrior is heavily wounded.
You constrict the orc warrior, but do no damage.
You hit the orc warrior but do no damage.
The orc warrior is heavily wounded.
You constrict the orc warrior, but do no damage.
The orc warrior hits you with a long sword!
* * * LOW HITPOINT WARNING * * *
You hit the orc warrior.
The orc warrior is severely wounded.
You constrict the orc warrior.
The orc warrior hits you with a long sword!
You die...
Your body crumbles into a pile of gold.

....######### o.o.#
....# ##### # .#
########.###### ..#
.#.#.#.#.#'#.#.# ###..#
#.#.#.#.#.....#o#.....#
.#.#.#.#+....#.#@#.#
#.#.#.#.#....'#.#..#
.#.#.#.#.....#.#.###
#.#.#.#.#.#'#.#)#.#
.#.#[#.#.#.#.#.#.##
#.#.#.#)#.#.#.#.#.# #
.#.#.#.#.#.#.#.#.###.[#
#.#.#.#.#.#.#.#.#.....#
.#.#.#.#.#.#.#[#.####.#


You could see an orc warrior.

Vanquished Creatures
  A hungry ghost (D:7)
  Duvessa (D:7)
  A sky beast (D:5)
  An orc warrior (D:7)
  An ice beast (D:7)
  A necrophage (D:7)
  2 ogres
  A crocodile (D:7)
  A gnoll sergeant (D:6)
  3 bullfrogs (D:6)
  Dowan (D:7)
  A scorpion (D:7)
  A vampire bat (D:3)
  3 howler monkeys
  A crimson imp (D:6)
  A hound (D:4)
  2 iguanas
  3 orc priests
  2 bullfrog skeletons
  A jelly (D:7)
  Crazy Yiuf (D:2)
  6 worker ants
  6 orc wizards
  A hound skeleton (D:6)
  A howler monkey zombie (D:5)
  A worker ant zombie (D:5)
  13 adders
  7 gnolls
  3 shadow imps
  An adder zombie (D:7)
  7 worms
  2 dart slugs (D:1)
  3 fire bats (D:3)
  10 leopard geckos
  34 orcs
  2 spectral bats (D:3)
  18 bats
  3 bat skeletons (D:3)
  A bat zombie (D:3)
  8 giant cockroaches
  12 goblins
  9 hobgoblins
  19 jackals
  2 quokkas
  A ball python (D:1)
  A bat simulacrum (D:3)
  5 frilled lizards
  A jackal skeleton (D:5)
  7 kobolds
  A quokka skeleton (D:6)
  A quokka zombie (D:5)
  12 rats
228 creatures vanquished.

Notes
Turn   | Place    | Note
-------+----------+-------------------------------------------
     0 | D:1      | Laphicet the Octopode Assassin began the quest for the Orb.
     0 | D:1      | Reached XP level 1. HP: 14/14 MP: 1/1
   244 | D:1      | Reached XP level 2. HP: 14/19 MP: 2/2
   574 | D:1      | Reached XP level 3. HP: 22/24 MP: 3/3
  1289 | D:2      | Found a burning altar of Makhleb.
  1562 | D:2      | Found a sparkling altar of Nemelex Xobeh.
  1567 | D:2      | Reached skill level 6 in Stealth
  1567 | D:2      | Reached XP level 4. HP: 22/30 MP: 4/4
  2332 | D:2      | Found a bloodstained altar of Trog.
  2546 | D:2      | Reached XP level 5. HP: 22/36 MP: 5/5
  2866 | D:2      | Found a runed door.
  3220 | D:2      | Found an ornate altar of the Wu Jian Council.
  3225 | D:2      | Found a radiant altar of Vehumet.
  3263 | D:2      | Noticed Crazy Yiuf
  3268 | D:2      | Killed Crazy Yiuf
  3540 | D:3      | Reached skill level 1 in Maces & Flails
  4038 | D:3      | Reached skill level 7 in Stealth
  4038 | D:3      | Reached XP level 6. HP: 42/42 MP: 6/6
  5012 | D:4      | Reached XP level 7. HP: 39/47 MP: 7/7
  5977 | D:4      | Found a staircase to the Ecumenical Temple.
  6081 | Temple   | Entered the Ecumenical Temple
  6517 | D:5      | Entered Level 5 of the Dungeon
  6521 | D:5      | Reached skill level 8 in Stealth
  6914 | D:5      | Found Alofreto's Book Shop.
  6929 | D:5      | Reached XP level 8. HP: 14/54 MP: 8/8
  7164 | D:5      | Found an opulent altar of Gozag.
  7289 | D:5      | Became a worshipper of Gozag Ym Sagoz the Greedy
  7760 | D:6      | Reached skill level 5 in Fighting
  7760 | D:6      | Reached skill level 9 in Stealth
  8103 | D:6      | Reached skill level 5 in Dodging
  8455 | D:7      | Found Xacuon's General Store.
  8468 | D:6      | Reached XP level 9. HP: 62/62 MP: 9/9
  8665 | D:7      | Bought 2 potions of invisibility for 176 gold pieces
  8665 | D:7      | Bought a scroll of fear for 38 gold pieces
  8665 | D:7      | Bought a meat ration for 55 gold pieces
  8665 | D:7      | Bought 4 fruits for 66 gold pieces
  8665 | D:7      | Bought a scroll of enchant weapon for 82 gold pieces
  8851 | D:7      | Found Quqapp's Weapon Shop.
  8912 | D:7      | Reached skill level 5 in Maces & Flails
  9034 | D:7      | Reached skill level 10 in Stealth
  9035 | D:7      | Noticed Duvessa
  9036 | D:7      | Noticed Dowan
  9037 | D:7      | Killed Duvessa
  9044 | D:7      | Killed Dowan
  9595 | D:7      | Found Tixiah Zofyu's Weapon Emporium.
  9605 | D:7      | Found Piggu's Antique Armour Shop.
 10041 | D:7      | Found Ageasoumn's Jewellery Shoppe.
 10142 | D:7      | Bought a cursed ring of teleportation for 54 gold pieces
 10378 | D:7      | Slain by an orc warrior

Vault maps used:
D:1:      dpeg_arrival_solitude, st_stairs_9
D:2:      nicolae_overflow_hidden_temple, nicolae_overflow_crystal_walls,
          bloody_makhleb, uniq_crazy_yiuf_cottage
D:3:      first_bread, goddamned_bats
D:4:      minmay_temple_entry_hall
D:5:      nicolae_gozag_cash_rules_everything_around_me, serial_shops,
          nicolae_shop_waterfront
D:7:      basic_altar, serial_shops, nicolae_shop_competitors_out_of_business,
          shop, kennysheep_mini_moat,
          nicolae_shop_temple_entry_statues_fountains, shop_fountains,
          uniq_duvessa
Temple:   regret_index_temple_sphere_string

Skill      XL: |  1  2  3  4  5  6  7  8  9 |
---------------+----------------------------+-----
Dodging        | 2 3 4 5 6 |  6.2
Stealth        | 6 7 8 9 10 | 10.5
Short Blades   | 3 |  3.1
Fighting       | 3 4 5 6 |  6.4
Maces & Flails | 1 2 3 4 5 |  5.6
Throwing       | |  2.0

Action                   |  1- 3 |  4- 6 |  7- 9 || total
-------------------------+-------+-------+-------++-------
Melee: Dagger            |    77 |    59 |       ||   136
       Constrict         |    20 |    44 |    63 ||   127
       Tentacles         |     8 |    24 |    46 ||    78
       Whip              |       |   113 |   249 ||   362
 Fire: Blowgun           |       |       |     9 ||     9
  Use: Potion            |       |     1 |     1 ||     2
       Scroll            |       |       |    15 ||    15
 Stab: Sleeping          |    10 |    28 |    15 ||    53
       Distracted        |       |       |     1 ||     1
  Eat: Chunk             |     2 |    11 |     7 ||    20
       Meat ration       |       |       |     3 ||     3
Armor: Skin              |     8 |    28 |    11 ||    47
Dodge: Dodged            |    66 |   116 |   126 ||   308
